Map: Corrosion EC

Players

HoldTheDoor - Winner!

  • Race: Protoss Protoss
  • League: Diamond
  • Spawn Location: 11:00

Evalis

  • Race: Protoss Protoss
  • League: Platinum
  • Spawn Location: 5:00

VOD

Have the link to the VOD?

Description

Time

  • Played on: July 7, 2018, 1:46 p.m.
  • Length: 8:07
Show
View Real Time Build Order
Export as new Build Order

HoldTheDoor Protoss - Winner!

Build Orders:  

Get SALT Encoding   

  12  0:00  Probe  
  13  0:12  Probe  
  14  0:18  Pylon  
  14  0:25  Probe  
  15  0:37  Probe  
  15  0:38  Gateway  
  16  0:45  Assimilator  
  16  0:49  Probe  
  17  0:54  Assimilator  
  17  1:01  Probe  
  18  1:08  Gateway  
  18  1:13  Probe  
  19  1:25  Probe  
  20  1:27  Cybernetics Core  
  20  1:37  Probe  
  21  1:41  Pylon  
  21  1:49  Probe  
  22  1:59  Stalker x2  
  26  2:12  Warp Gate  
  26  2:16  Probe  
  27  2:24  Stalker  
  27  2:28  Probe  
  30  2:39  Pylon  
  30  2:54  Pylon  
  30  2:58  Stalker  
  32  3:04  Stalker  
  29  3:34  Pylon  
  29  3:38  Pylon  
  29  3:45  Probe  
  30  3:55  Stargate  
  30  3:57  Probe  
  31  4:02  Pylon  
  31  4:09  Probe  
  32  4:21  Probe  
  33  4:24  Stalker  
  33  4:27  Stalker  
  37  4:33  Void Ray  
  41  4:51  Stalker x2  
  45  5:03  Probe  
  46  5:16  Void Ray  
  40  5:41  Probe  
  41  5:53  Probe  
  41  5:54  Stalker x2  
  46  6:05  Probe  
  47  6:24  Pylon  
  47  6:27  Pylon  
  47  6:35  Nexus  
  47  6:42  Void Ray  
  51  6:48  Probe  
  51  6:52  Stalker x2  
Show
View Real Time Build Order
Export as new Build Order

Evalis Protoss 

Build Orders:  

Get SALT Encoding   

  1  0:00  Probe  
  12  0:05  Probe  
  14  0:15  Probe  
  15  0:24  Pylon  
  15  0:42  Probe  
  16  0:45  Assimilator  
  16  0:46  Pylon  
  16  0:54  Probe  
  17  1:03  Probe  
  17  1:06  Gateway  
  18  1:11  Probe  
  18  1:16  Gateway  
  19  1:20  Probe  
  20  1:29  Gateway  
  20  1:34  Gateway  
  20  1:47  Pylon  
  20  1:49  Pylon  
  20  2:00  Zealot  
  22  2:03  Zealot  
  24  2:10  Cybernetics Core  
  24  2:21  Zealot  
  26  2:26  Pylon  
  26  2:27  Zealot  
  28  2:32  Zealot  
  28  2:33  Warp Gate  
  30  2:51  Zealot  
  31  2:54  Zealot  
  33  2:59  Zealot  
  31  3:18  Zealot  
  31  3:21  Zealot  
  31  3:26  Zealot  
  29  3:44  Assimilator  
  29  3:45  Zealot  
  29  3:47  Gateway  
  27  3:48  Zealot  
  29  4:05  Probe  
  30  4:13  Twilight Council  
  30  4:17  Stargate  
  30  4:18  Probe  
  31  4:30  Probe  
  32  4:40  Charge, Zealot x3  
  38  4:56  Stalker  
  40  5:01  Stalker  
  40  5:04  Stalker  
  43  5:28  Phoenix  
  30  5:39  Robotics Facility  
  30  5:53  Phoenix  
  32  6:17  Stargate  
  32  6:23  Stalker, Gateway  
  34  6:27  Warp Prism  
  34  6:31  Phoenix  
  38  6:40  Pylon  
  38  6:58  Pylon, Phoenix  
  38  7:15  Zealot  
Tags
 
Matchup
PvP
Spawn Locations
Cross Positions
Add a new tag
Caveats
  • Supply blocks, unpowered buildings, or Contaminate may cause inaccurate times.
  • Supply counts are checked every 10 seconds.